[Event "ICC tourney 3277 (40 10)"]
[Site "Internet Chess Club"]
[Date "2023.09.09"]
[Round "4"]
[White "PAGAN, ALEXANDER:alexpaganjr"]
[Black "WILSON, DARRYL J:Combo4U2"]
[Result "1-0"]
[ICCResult "Black checkmated"]
[WhiteElo "1016"]
[BlackElo "1201"]
[Opening "Philidor's defense"]
[ECO "C41"]
[NIC "KP.10"]
[Time "17:46:49"]
[PlyCount "143"]
[TimeControl "2400+10"]

1. e4 e5 2. Nf3 d6 3. Nc3 Nf6 4. d4 exd4 5. Nxd4 Be7 6. Bc4 O-O 7. O-O Kh8
8. Nf5 Bxf5 9. exf5 Nc6 10. b3 Ne5 11. Bb2 c6 12. Bd3 d5 13. Ne2 Bd6 14. Nd4
Neg4 15. Nf3 Qc7 16. g3 c5 17. c4 d4 18. b4 b6 19. b5 h6 20. Nd2 Ne5 21. Ne4
Nxd3 22. Qxd3 Be5 23. Rae1 Qb7 24. Re2 Rfe8 25. Rfe1 a6 26. a4 axb5 27. axb5
Nxe4 28. Rxe4 f6 29. f4 Qd7 30. fxe5 Rxe5 31. Rxe5 fxe5 32. Qe4 Re8 33. Ra1
d3 34. Bc3 d2 35. Rd1 Rd8 36. Qxe5 Re8 37. Rxd2 Qf7 38. Qd5 Re1+ 39. Kg2 Qe7
40. Rf2 Re3 41. Bd2 Qe4+ 42. Qxe4 Rxe4 43. Bf4 Rxc4 44. Bc7 Rb4 45. Bxb6
Rxb5 46. Bd8 c4 47. f6 gxf6 48. Bxf6+ Kh7 49. Rc2 Rc5 50. Kf3 Rc6 51. Bd4
Kg6 52. h4 h5 53. Ke3 Kf5 54. Kd2 Ke4 55. Kc3 Kf3 56. Be5 Ke4 57. Bf4 Kd5
58. Rd2+ Kc5 59. Rd4 Kb5 60. Rd5+ Rc5 61. Rxc5+ Kxc5 62. g4 hxg4 63. h5 Kd5
64. h6 Ke4 65. Bc7 Kf3 66. h7 g3 67. h8=Q g2 68. Qh3+ Kf2 69. Bb6+ Kf1 70.
Qf3+ Ke1 71. Qxg2 Kd1 72. Qd2# {Black checkmated} 1-0

[Event "ICC tourney 3277 (40 10)"]
[Site "Internet Chess Club"]
[Date "2023.09.09"]
[Round "4"]
[White "VUYYURU, ARYAN:funskilledmagma"]
[Black "Bronshtein, Marc:MarcBronshtein"]
[Result "0-1"]
[ICCResult "White checkmated"]
[WhiteElo "1352"]
[BlackElo "1465"]
[Opening "Benko's opening"]
[ECO "A00"]
[NIC "VO.09"]
[Time "17:46:21"]
[PlyCount "182"]
[TimeControl "2400+10"]

1. g3 Nf6 2. Bg2 g6 3. Nf3 d5 4. d3 Bg7 5. Nbd2 c5 6. O-O O-O 7. Re1 Bf5 8.
e4 dxe4 9. dxe4 Nxe4 10. Nxe4 Qxd1 11. Rxd1 Bxe4 12. c3 Nc6 13. Bf4 Rad8 14.
Re1 Bf5 15. Nh4 Be6 16. Be3 c4 17. Bxc6 bxc6 18. Bxa7 Rd7 19. Be3 Bd5 20.
Bc5 Re8 21. Rad1 Bf6 22. Ng2 Rb7 23. Bb4 e6 24. Nf4 Rd8 25. Nxd5 cxd5 26.
Rd2 Be7 27. Bxe7 Rxe7 28. Re4 Red7 29. Re1 Rb8 30. Ra1 Rdb7 31. Rb1 Kf8 32.
Kg2 Ke7 33. Kf3 Kd6 34. Ke3 Kc5 35. f4 Ra8 36. b4+ cxb3 37. axb3 Rab8 38.
b4+ Kd6 39. Ra2 Rc8 40. Kd3 Rbc7 41. Ra3 f6 42. b5 Rb7 43. Ra6+ Kd7 44. b6
Rcb8 45. c4 dxc4+ 46. Kxc4 Kc6 47. Re1 Re7 48. Rb1 e5 49. b7+ Kc7 50. Rxf6
e4 51. Kd4 e3 52. Re1 e2 53. Kc3 Rxb7 54. Ra6 Kd8 55. Ra2 Rbc7+ 56. Kb4 Rb7+
57. Kc3 Rbc7+ 58. Kb2 Rb7+ 59. Ka1 Ke8 60. Rexe2 Kf7 61. Rxe7+ Kxe7 62. Rb2
Rxb2 63. Kxb2 Kf6 64. Kc3 Kf5 65. Kd4 Kg4 66. Ke4 Kh3 67. Kf3 h5 68. Kf2
Kxh2 69. Kf3 Kh3 70. Kf2 Kg4 71. Kg2 h4 72. f5 h3+ 73. Kh2 gxf5 74. Kh1 Kxg3
75. Kg1 f4 76. Kh1 f3 77. Kg1 h2+ 78. Kh1 Kf2 79. Kxh2 Ke1 80. Kh1 f2 81.
Kh2 f1=Q 82. Kg3 Qf2+ 83. Kh3 Ke2 84. Kg4 Qf3+ 85. Kh4 Ke3 86. Kg5 Qf4+ 87.
Kh5 Qg3 88. Kh6 Ke4 89. Kh7 Kf5 90. Kh8 Kf6 91. Kh7 Qg7# {White checkmated}
0-1

[Event "ICC tourney 3277 (40 10)"]
[Site "Internet Chess Club"]
[Date "2023.09.09"]
[Round "4"]
[White "Hatherill, Charles W:kingsgambit50"]
[Black "procopio, Patti:prostripe"]
[Result "1/2-1/2"]
[ICCResult "Game drawn by mutual agreement"]
[WhiteElo "1343"]
[BlackElo "1345"]
[Opening "English, 1...Nf6 (Anglo-Indian defense)"]
[ECO "A15"]
[NIC "EO.64"]
[Time "17:46:14"]
[PlyCount "91"]
[TimeControl "2400+10"]

1. c4 Nf6 2. g3 g6 3. Bg2 Bg7 4. Nc3 O-O 5. Nf3 c6 6. d3 d6 7. O-O Bg4 8. h3
Bxf3 9. Bxf3 Nbd7 10. Bg2 Re8 11. Kh2 e5 12. Bg5 Qb6 13. Rb1 h6 14. Be3 Qc7
15. Qd2 Kh7 16. b4 Nb6 17. Bxb6 axb6 18. a4 Qe7 19. Qd1 Red8 20. e4 Qd7 21.
Rh1 d5 22. cxd5 cxd5 23. Nxd5 Nxd5 24. exd5 Qxa4 25. Qxa4 Rxa4 26. Be4 f5
27. Bf3 Rd6 28. Rhc1 Ra2 29. Kg2 Rd2 30. Rd1 Rxd1 31. Rxd1 Bf6 32. Rc1 Bd8
33. b5 Kg7 34. h4 Kf6 35. Ra1 Be7 36. Ra8 g5 37. hxg5+ hxg5 38. Rb8 g4 39.
Be2 Rxd5 40. Rxb7 Bc5 41. Rb8 Rd4 42. f3 gxf3+ 43. Kxf3 e4+ 44. dxe4 fxe4+
45. Kg2 e3 46. Kf3 {Game drawn by mutual agreement} 1/2-1/2

[Event "ICC tourney 3277 (40 10)"]
[Site "Internet Chess Club"]
[Date "2023.09.09"]
[Round "4"]
[White "TRIPATHY, SIDDHARTH KESHAV:Sid907"]
[Black "ANGEL, BORYS:BArkadia"]
[Result "1-0"]
[ICCResult "Black resigns"]
[WhiteElo "1366"]
[BlackElo "1360"]
[Opening "Scotch game"]
[ECO "C45"]
[NIC "SO.04"]
[Time "17:46:13"]
[PlyCount "159"]
[TimeControl "2400+10"]

1. e4 e5 2. Nf3 Nc6 3. d4 exd4 4. Nxd4 d6 5. Be3 Be7 6. Bb5 Bd7 7. Nc3 a6 8.
Ba4 b5 9. Bb3 Nxd4 10. Bxd4 Nf6 11. a3 O-O 12. f3 c5 13. Bf2 Bc6 14. O-O c4
15. Ba2 Rc8 16. Qd4 Qc7 17. Rad1 Rfd8 18. Rfe1 Qb7 19. Nd5 Nxd5 20. exd5 Be8
21. c3 Bf6 22. Qe4 Bd7 23. Bb1 g6 24. Qf4 Be5 25. Qh4 Re8 26. f4 Bg7 27. Qg5
f6 28. Qg3 f5 29. Qh4 Rxe1+ 30. Bxe1 Re8 31. Qf2 Bf6 32. Qd2 a5 33. Bf2 Rb8
34. Bd4 Bxd4+ 35. Qxd4 Re8 36. Qd2 Qb6+ 37. Qf2 Qxf2+ 38. Kxf2 Kf7 39. Ba2
a4 40. Bb1 Kf6 41. h4 Bc8 42. g3 Bb7 43. Rd4 Re7 44. Bc2 Rc7 45. Ke3 Rc5 46.
Bd1 Rxd5 47. Rxd5 Bxd5 48. Kd4 Bg2 49. Be2 h6 50. g4 g5 51. hxg5+ hxg5 52.
fxg5+ Kxg5 53. gxf5 Kxf5 54. Bh5 Bc6 55. Bf7 Kf4 56. Bh5 Kg3 57. Ke3 Kg2 58.
Be2 Kg3 59. Bh5 Kh4 60. Bf7 Kg5 61. Kd4 Kf4 62. Bh5 Kg5 63. Bf7 Kg4 64. Bd5
Bd7 65. Bb7 Kf4 66. Kd5 Ke3 67. Kxd6 Kd2 68. Kxd7 Kc2 69. Kc6 Kxb2 70. Kxb5
Kxa3 71. Kxc4 Kb2 72. Kd4 a3 73. Bd5 Kc2 74. Bg8 Kb2 75. Kd3 Kc1 76. Bb3 Kb2
77. Kc4 a2 78. Bxa2 Kxa2 79. Kb4 Ka1 80. c4 {Black resigns} 1-0

[Event "ICC tourney 3277 (40 10)"]
[Site "Internet Chess Club"]
[Date "2023.09.09"]
[Round "5"]
[White "procopio, Patti:prostripe"]
[Black "VUYYURU, ARYAN:funskilledmagma"]
[Result "1/2-1/2"]
[ICCResult "Game drawn by repetition"]
[WhiteElo "1345"]
[BlackElo "1352"]
[Opening "Queen's bishop game"]
[ECO "D00"]
[NIC "QP.08"]
[Time "20:00:22"]
[PlyCount "118"]
[TimeControl "2400+10"]

1. d4 d5 2. Bf4 Nf6 3. Nf3 Bf5 4. Nbd2 Nc6 5. c3 e6 6. Nh4 Bg6 7. Nxg6 fxg6
8. Bg5 Be7 9. e3 Nd7 10. Bxe7 Qxe7 11. Bb5 Qf7 12. Bxc6 bxc6 13. O-O O-O 14.
Qf3 Qxf3 15. Nxf3 c5 16. Ng5 Rfe8 17. Rfe1 cxd4 18. exd4 Nf8 19. Re2 h6 20.
Nf3 Re7 21. Rae1 Rae8 22. Ne5 a6 23. Nc6 Rd7 24. Ne5 Rd6 25. Re3 Rb6 26.
R1e2 Reb8 27. b3 Rb5 28. g3 c5 29. Nc6 R8b6 30. Ne5 cxd4 31. cxd4 Rb4 32.
Rc3 Rb8 33. Rd2 Kh7 34. f4 a5 35. Kg2 R8b6 36. Rc8 Rb8 37. Rxb8 Rxb8 38. Nc6
Ra8 39. Rc2 Nd7 40. Ne5 Nxe5 41. fxe5 Ra6 42. Kf3 Rb6 43. Ke3 Kg8 44. h4 Kf7
45. Rf2+ Ke7 46. Rc2 Rb7 47. Rc5 Ra7 48. g4 Kd7 49. Kf4 Rc7 50. Rxc7+ Kxc7
51. g5 h5 52. Ke3 Kb6 53. Kd2 Kb5 54. Kc3 a4 55. a3 Ka5 56. Kb2 Kb5 57. Kc3
Ka5 58. Kb2 Kb5 59. Kc3 Ka5 {Game drawn by repetition} 1/2-1/2

[Event "ICC tourney 3277 (40 10)"]
[Site "Internet Chess Club"]
[Date "2023.09.09"]
[Round "5"]
[White "ANGEL, BORYS:BArkadia"]
[Black "GAW, ZACHARY:zman-g"]
[Result "1/2-1/2"]
[ICCResult "Game drawn by mutual agreement"]
[WhiteElo "1360"]
[BlackElo "1181"]
[Opening "Giuoco Pianissimo: Italian four knights variation"]
[ECO "C50"]
[NIC "IG.02"]
[Time "20:02:56"]
[PlyCount "57"]
[TimeControl "2400+10"]

1. e4 e5 2. Nf3 Nc6 3. Bc4 Bc5 4. Nc3 Nf6 5. d3 h6 6. O-O d6 7. h3 O-O 8. a3
Be6 9. Bxe6 fxe6 10. b4 Bb6 11. Ne2 Qd7 12. Ng3 Nd4 13. Bb2 Nxf3+ 14. Qxf3
Rf7 15. c3 Raf8 16. d4 exd4 17. cxd4 Nh7 18. Qd3 Ng5 19. Ra2 e5 20. Nf5 exd4
21. Bxd4 Bxd4 22. Nxd4 c5 23. Nb5 Nf3+ 24. Kh1 Ne5 25. Qe2 a6 26. Nc3 cxb4
27. axb4 Qc8 28. Nd5 Qc4 29. f4 {Game drawn by mutual agreement} 1/2-1/2

[Event "ICC tourney 3277 (40 10)"]
[Site "Internet Chess Club"]
[Date "2023.09.09"]
[Round "5"]
[White "GAW, CHRISTIAN:cman-g"]
[Black "Chiappetta, Graydon:loopy"]
[Result "1-0"]
[ICCResult "Black checkmated"]
[WhiteElo "1135"]
[BlackElo "798"]
[Opening "Hungarian defense"]
[ECO "C50"]
[NIC "IG.03"]
[Time "20:00:01"]
[PlyCount "83"]
[TimeControl "2400+10"]

1. e4 e5 2. Nf3 Nc6 3. Bc4 Be7 4. O-O Nf6 5. Nc3 O-O 6. d3 d6 7. h3 Bd7 8.
Be3 Qc8 9. Kh2 a6 10. Nd5 b5 11. Nxe7+ Nxe7 12. Bb3 Re8 13. Ng5 Rf8 14. Qd2
Ng6 15. Nf3 Nh5 16. Bd5 c6 17. Bb3 Nhf4 18. Bxf4 Nxf4 19. Ng1 a5 20. a4 b4
21. Qe3 c5 22. Ne2 Ng6 23. Bd5 Rb8 24. Qg3 Qe8 25. Qg5 Ne7 26. Bc4 Bxa4 27.
b3 Bb5 28. Rxa5 Bxc4 29. dxc4 h6 30. Qd2 Qd8 31. Ra6 Rb6 32. Rxb6 Qxb6 33.
Ra1 Rd8 34. f4 Nc6 35. f5 f6 36. Qd5+ Kh8 37. Kg3 Ne7 38. Qd3 g6 39. fxg6
Nxg6 40. Qd5 Rg8 41. Ra8 Nf4+ 42. Qxg8# {Black checkmated} 1-0

[Event "ICC tourney 3277 (40 10)"]
[Site "Internet Chess Club"]
[Date "2023.09.09"]
[Round "5"]
[White "Romanyuk, Nikita:NikitaR"]
[Black "Hatherill, Charles W:kingsgambit50"]
[Result "1/2-1/2"]
[ICCResult "Game drawn by repetition"]
[WhiteElo "1167"]
[BlackElo "1343"]
[Opening "Scandinavian (center counter) defense"]
[ECO "B01"]
[NIC "SD.02"]
[Time "19:59:55"]
[PlyCount "104"]
[TimeControl "2400+10"]

1. e4 d5 2. exd5 Qxd5 3. Nc3 Qd8 4. Nf3 Nf6 5. d4 a6 6. Bc4 Bg4 7. Be3 e6 8.
h3 Bh5 9. O-O Nc6 10. Be2 Be7 11. Ne5 Bxe2 12. Qxe2 Nd5 13. Nxd5 Qxd5 14.
Nxc6 Qxc6 15. c3 O-O-O 16. Rad1 Qb5 17. Qxb5 axb5 18. a3 h6 19. Rd2 Bd6 20.
Rfd1 c6 21. Ra1 Kc7 22. a4 bxa4 23. Rxa4 Ra8 24. Rxa8 Rxa8 25. g3 Ra1+ 26.
Kg2 f5 27. Kf3 g5 28. Re2 Kd7 29. h4 g4+ 30. Kg2 h5 31. f3 gxf3+ 32. Kxf3
Rf1+ 33. Rf2 Rxf2+ 34. Kxf2 e5 35. dxe5 Bxe5 36. Kf3 Ke6 37. Bf4 b5 38. Bxe5
Kxe5 39. Ke3 c5 40. b3 Ke6 41. Kd3 Kd5 42. c4+ bxc4+ 43. bxc4+ Ke5 44. Ke3
Ke6 45. Kd3 Ke5 46. Ke3 Ke6 47. Kd3 Ke5 48. Ke3 Ke6 49. Kd3 Ke5 50. Ke3 Ke6
51. Kd3 Ke5 52. Ke3 Ke6 {Game drawn by repetition} 1/2-1/2

[Event "ICC tourney 3277 (40 10)"]
[Site "Internet Chess Club"]
[Date "2023.09.09"]
[Round "5"]
[White "ANGELCHIK, JACOB:t105mm"]
[Black "TRIPATHY, SIDDHARTH KESHAV:Sid907"]
[Result "0-1"]
[ICCResult "White resigns"]
[WhiteElo "1180"]
[BlackElo "1366"]
[Opening "Trompowsky attack (Ruth, Opocenský opening)"]
[ECO "A45"]
[NIC "QP.07"]
[Time "20:00:03"]
[PlyCount "106"]
[TimeControl "2400+10"]

1. d4 Nf6 2. Bg5 d5 3. Bxf6 exf6 4. Nf3 Bd6 5. Nc3 c6 6. e4 dxe4 7. Nxe4 Bc7
8. Bc4 O-O 9. O-O Nd7 10. Re1 Nb6 11. Bb3 Bg4 12. c3 Nd5 13. Nc5 Rb8 14. Bc2
Nf4 15. h3 Bh5 16. Nd3 Nxd3 17. Bxd3 Re8 18. Qc2 Bg6 19. Bxg6 fxg6 20. Rxe8+
Qxe8 21. Re1 Qf7 22. c4 Re8 23. Rxe8+ Qxe8 24. Qb3 Qc8 25. d5 cxd5 26. cxd5
Bd6 27. Qe3 a6 28. Qc3 Qxc3 29. bxc3 Kf8 30. Kf1 Ke7 31. Ke2 Bc5 32. a4 b5
33. axb5 axb5 34. Nd2 Kd6 35. Ne4+ Kxd5 36. Nxc5 Kxc5 37. Kd3 Kd5 38. g3 g5
39. g4 g6 40. f3 h5 41. Ke3 f5 42. Kd2 fxg4 43. fxg4 hxg4 44. hxg4 Ke4 45.
Ke2 Kf4 46. Kf2 Kxg4 47. Kg2 Kf4 48. Kf2 g4 49. Kg2 g3 50. Kf1 Kf3 51. Kg1
g2 52. Kh2 Kf2 53. Kh3 g1=Q {White resigns} 0-1